 Dungeon Crawl Stone Soup version 0.31-a0-818-ge7c7cf74f0 (webtiles) character file.

Game seed: 275445520658274761

221 Kurtz the Chopper (level 5, -8/36 HPs)
             Began as an Octopode Fighter on Sept 23, 2023.
             Mangled by a sleepcap (14 damage)
             ... on level 4 of the Dungeon.
             The game lasted 00:02:07 (2811 turns).

Kurtz the Chopper (Octopode Fighter)                Turns: 2811, Time: 00:02:08

Health: -8/36      AC:  1    Str: 15    XL:     5   Next: 98%
Magic:  5/5        EV:  2    Int: 10    God:
Gold:   105        SH:  0    Dex: 14    Spells: 4/4 levels left

rFire   . . .        a - +0 war axe
rCold   . . .        b - +0 buckler
rNeg    . . .        (helmet restricted)
rPois   .            (no amulet)
rElec   .            (no ring)
rCorr   .            (no ring)
SInv    .            (no ring)
Will    .....        (no ring)
Stlth   ++++         (no ring)
HPRegen 0.26/turn    (no ring)
MPRegen 0.09/turn    (no ring)
                     (no ring)

%: no passive effects
@: sleeping
A: almost no armour, amphibious, 8 rings, camouflage 1, gelatinous body 1,
(nimble swimmer 1), tentacles
a: no special abilities


You were on level 4 of the Dungeon.
You visited 1 branch of the dungeon, and saw 4 of its levels.

You collected 105 gold pieces.

Inventory:

Hand Weapons
 a - a +0 war axe (weapon)
Missiles
 h - 5 curare-tipped darts
 l - 9 poisoned darts
Armour
 b - a +0 buckler (worn)
Wands
 u - a wand of roots (8)
Scrolls
 d - a scroll of poison {unknown}
 f - a scroll of identify {unknown}
 i - a scroll of immolation {unknown}
 m - 4 scrolls of teleportation {unknown}
 n - a scroll of fear {unknown}
 r - a scroll of noise {unknown}
Potions
 c - a potion of might
 e - a potion of invisibility
 g - 4 potions of haste
 j - a potion of brilliance {unknown}
 k - 2 potions of enlightenment {unknown}
 o - a potion of cancellation {unknown}
 p - a potion of lignification {unknown}
 q - a potion of attraction {unknown}
 s - a potion of curing {unknown}
 t - a potion of heal wounds {unknown}


   Skills:
 - Level 3.0 Fighting
 * Level 4.8 Axes
 * Level 3.5 Dodging
 * Level 4.0 Stealth
 - Level 3.0 Shields


You had 4 spell levels left.
You didn't know any spells.
Your spell library contained the following spells:

 Spells                   Type           Power      Damage    Failure   Level
 Inner Flame              Hex/Fire       0%         N/A       83%         3
 Yara's Violent Unravell  Hex/Tmut       0%         3d3       100%        5
 Enfeeble                 Hex            0%         N/A       100%        7


Dungeon Overview and Level Annotations

Branches:
Dungeon (4/15)
 Temple: D:4-7

Altars:
Uskayaw

Shops:
D:2 ?


Innate Abilities, Weirdness & Mutations

You cannot wear most types of armour.
You are amphibious.
You can wear up to eight rings at the same time.
Your skin changes colour to match your surroundings (Stealth+).
Your rubbery body absorbs attacks. (AC +1, EV +1)
((You are camouflaged when in or above water. (Stealth+)))
You have tentacles for arms and can constrict up to eight enemies at once.


Message History

Okay, then.
You barely miss the goblin. Your grab misses the goblin.
The goblin completely misses you.
You closely miss the goblin. Your grab misses the goblin.
You squeeze the goblin.
You kill the goblin!
No target in view!
No target in view!
HP restored.
Done exploring.
Done exploring.
Done exploring.
There is a stone staircase leading down here.
You climb downwards.
Found a stone staircase leading up and a stone staircase leading down.
There is a stone staircase leading up here.
A sleepcap comes into view.
A sleepcap is nearby!
A hobgoblin comes into view. It is wielding a +0 dagger.
The sleepcap releases spores at you.
You are engulfed in a cloud of soporific spores!
You fall asleep.
The sleepcap releases spores at you!!
You wake up.
Ouch! That really hurt!
You are engulfed in a cloud of soporific spores!
You are unaffected.
You are too injured to fight recklessly!
Unknown command.
You are too injured to fight recklessly!
You are too injured to fight recklessly!
The sleepcap attacks as it pursues you! The sleepcap closely misses you.
You completely miss the sleepcap. You grab the sleepcap.
You constrict the sleepcap, but do no damage.
The sleepcap releases spores at you!
* * * LOW HITPOINT WARNING * * *
You are engulfed in a cloud of soporific spores!
You fall asleep.
You lose your grip on the sleepcap.
The sleepcap releases spores at you!
You die...

## ..# #.. # ### ... .
#.#.. #.# .o#.#..
##########..##........
........g.............
######...#######.....
#...@f.### #...
##.###### #.#... ##..#
#..... #..## .......
#.## . #..###.
#########.# ..# .. ##
##.........#..# .
#..#####.....#
#.#####..#####


You could see a sleepcap and a hobgoblin.

Vanquished Creatures
  An iguana (D:4)
  Terence (D:3)
  An orc wizard (D:3)
  6 adders (D:2)
  A worm (D:2)
  2 dart slugs
  4 orcs (D:3)
  10 bats
  7 endoplasms
  3 giant cockroaches (D:1)
  7 goblins
  10 hobgoblins
  A jackal (D:2)
  5 kobolds
  3 quokkas (D:3)
  7 ball pythons
  8 frilled lizards
  4 rats
81 creatures vanquished.

Notes
Turn   | Place    | Note
-------+----------+-------------------------------------------
     0 | D:1      | Kurtz the Octopode Fighter began the quest for the Orb.
     0 | D:1      | Reached XP level 1. HP: 16/16 MP: 1/1
   170 | D:1      | Reached XP level 2. HP: 21/21 MP: 2/2
   431 | D:1      | Reached XP level 3. HP: 26/26 MP: 3/3
   741 | D:2      | Reached skill level 1 in Stealth
   911 | D:2      | Found The Oracle's Delphic Readings.
   924 | D:2      | Reached XP level 4. HP: 24/31 MP: 4/4
  1823 | D:3      | Reached XP level 5. HP: 36/36 MP: 5/5
  2398 | D:3      | Found a hide-covered altar of Uskayaw.
  2514 | D:3      | Noticed Terence
  2520 | D:3      | Killed Terence
  2811 | D:4      | Mangled by a sleepcap

Illustrated notes

Levels and vault maps discovered:
D:1:      minmay_arrival_hallway, layout_basic
D:2:      minmay_angry_zag, layout_loops_ring, minivault_4,
          nicolae_nh_oracle_at_delphi
D:3:      layout_loops_ring, nicolae_uskayaw_suspiria, uniq_terence
D:4:      layout_rooms, kennysheep_little_box, minmay_quantized,
          uniq_crazy_yiuf_cottage

Skill      XL: |  1  2  3  4  5 |
---------------+----------------+-----
Axes           | 3 4 |  4.8
Stealth        | 1 2 4 |  4.0
Fighting       | |  3.0
Dodging        | |  3.5
Shields        | |  3.0

Action                     |  1- 3 |  4- 6 || total
---------------------------+-------+-------++-------
  Melee: War axe           |    72 |    78 ||   150
         Constrict         |    13 |    19 ||    32
         Tentacles         |     8 |    14 ||    22
         Punch             |       |     1 ||     1
    Use: Potion            |       |     2 ||     2
   Stab: Sleeping          |     8 |    10 ||    18
         Distracted        |       |     1 ||     1
         Invisible         |       |     2 ||     2
 Armour: Skin              |    22 |    35 ||    57
  Dodge: Dodged            |    40 |    33 ||    73
  Block: Buckler           |    15 |    12 ||    27

Table legend: (Time is in decaauts)
 A = Elapsed time spent in this place.
 B = Non-inter-level travel time spent in this place.
 C = Inter-level travel time spent in this place.
 D = Time resting spent in this place.
 E = Time spent auto-exploring this place.
 F = Levels seen in this place.
 G = Mean time per level.
                   A        B        C        D        E       F      G
               +--------+--------+--------+--------+--------+-----+--------+
         Total |   2847 |   2731 |    116 |    212 |   1982 |   4 |  711.8 |
       Dungeon |   2847 |   2731 |    116 |    212 |   1982 |   4 |  711.8 |
               +--------+--------+--------+--------+--------+-----+--------+

Top non-repeatable levels by time:
     D:2: 1077 daAuts
     D:3: 926 daAuts
     D:1: 731 daAuts
     D:4: 112 daAuts
